 Dungeon Crawl Stone Soup version 0.28-a0-1518-gbe868bca14 (webtiles) character file.

Game seed: 10167911421411297449

2698 oldriver the Carver (level 9, 0/74 HPs)
             Began as a Gnoll Cinder Acolyte on Jan 16, 2022.
             Was an Elder of Ignis.
             Slain by a two-headed ogre (21 damage)
             ... on level 8 of the Dungeon.
             The game lasted 00:16:10 (9004 turns).

oldriver the Carver (Gnoll Cinder Acolyte)          Turns: 9004, Time: 00:16:10

Health: 0/74       AC: 24    Str: 18    XL:     9   Next: 65%
Magic:  17/17      EV:  6    Int: 13    God:    Ignis [****..]
Gold:   59         SH:  8    Dex:  8    Spells: 16/18 levels left

rFire   + . .      SeeInvis .   a - -1 falchion (flame)
rCold   . . .      Faith    .   j - +0 kite shield
rNeg    . . .      Spirit   .   c - +3 chain mail {rPois}
rPois   +          Reflect  .   t - +0 helmet
rElec   .          Harm     .   F - +0 cloak
rCorr   .          Rampage  .   b - +0 pair of gloves
Will    .....                   w - +0 pair of boots
Stlth   ..........              h - amulet of the acrobat
HPRegen 0.22/turn               (no ring)
MPRegen 0.15/turn               (no ring)

@: fiery-armoured
A: fangs 1, strong nose, distributed training
a: Renounce Religion, Fiery Armour, Foxfire Swarm


You were on level 8 of the Dungeon.
You worshipped Ignis.
Ignis was greatly pleased with you.
You visited 1 branch of the dungeon, and saw 8 of its levels.
You also visited: Ossuary.

You collected 317 gold pieces.
You spent 258 gold pieces at shops.

Inventory:

Hand Weapons
 a - a -1 falchion of flaming (weapon)
Missiles
 l - a silver boomerang
 q - 6 atropa-tipped darts
 v - 4 poisoned darts
 G - 8 boomerangs (quivered)
Armour
 b - a +0 pair of gloves (worn)
 c - a +3 chain mail of poison resistance (worn)
 j - a +0 kite shield (worn)
 t - a +0 helmet (worn)
 w - a +0 pair of boots (worn)
 F - a +0 cloak (worn)
Jewellery
 h - an amulet of the acrobat (around neck)
Wands
 u - a wand of flame (4)
Scrolls
 e - 2 scrolls of vulnerability
 i - 2 scrolls of brand weapon {unknown}
 n - 5 scrolls of fog
 s - a scroll of silence
 x - a scroll of summoning {unknown}
 y - 4 scrolls of teleportation {unknown}
 D - 3 scrolls of immolation
 E - 4 scrolls of noise
Potions
 d - a potion of brilliance
 g - a potion of berserk rage
 k - 4 potions of mutation
 m - 2 potions of flight
 o - 3 potions of magic
 p - a potion of invisibility
 r - 3 potions of haste
 z - 2 potions of cancellation
 A - a potion of might {unknown}
 B - 2 potions of curing {unknown}
 C - a potion of lignification {unknown}


   Skills:
 + Level 8.0 Fighting
 + Level 4.4 Short Blades
 + Level 8.0 Long Blades
 + Level 4.4 Axes
 + Level 4.4 Maces & Flails
 + Level 4.4 Polearms
 + Level 4.4 Staves
 + Level 4.4 Slings
 + Level 4.4 Bows
 + Level 4.4 Crossbows
 + Level 4.4 Throwing
 + Level 4.4 Armour
 + Level 4.4 Dodging
 + Level 4.4 Stealth
 + Level 4.4 Shields
 + Level 4.4 Unarmed Combat
 + Level 5.3 Spellcasting
 + Level 3.6 Conjurations
 + Level 3.6 Hexes
 + Level 3.6 Summonings
 + Level 3.6 Necromancy
 + Level 3.6 Translocations
 + Level 3.6 Transmutations
 + Level 6.6 Fire Magic
 + Level 3.6 Ice Magic
 + Level 3.6 Air Magic
 + Level 3.6 Earth Magic
 + Level 3.6 Poison Magic
 + Level 4.9 Invocations
 + Level 4.4 Evocations


You had 16 spell levels left.
You knew the following spells:

 Your Spells              Type           Power      Damage    Failure   Level
a - Scorch                Fire           40%        2d7       54%         2

Your spell library contained the following spells:

 Spells                   Type           Power      Damage    Failure   Level
 Sting                    Tmut/Pois      52%        1d5       82%         1
 Poisonous Vapours        Pois/Air       26%        N/A       91%         2
 Olgreb's Toxic Radiance  Pois           13%        N/A       100%        4
 Summon Forest            Summ/Tloc      6%         N/A       100%        5
 Summon Mana Viper        Hex/Summ       13%        N/A       100%        5
 Summon Cactus Giant      Summ           6%         N/A       100%        6


Dungeon Overview and Level Annotations

Branches:
Dungeon (8/15)             Temple (0/1) D:5         Ossuary (visited)
   Lair: D:8-11

Altars:
Gozag

Shops:
D:1 [   D:7 [


Innate Abilities, Weirdness & Mutations

You have very sharp teeth.
Your uncanny sense of smell can sniff out nearby items.
Your experience applies equally to all skills.


Message History

The two-headed ogre hits you with a +0 giant spiked club!
The two-headed ogre is burned by your cloak of flames.
The two-headed ogre is moderately wounded.
The two-headed ogre hits you but does no damage.
The two-headed ogre is burned by your cloak of flames.
The two-headed ogre is moderately wounded.
You hit the two-headed ogre but do no damage.
The two-headed ogre is moderately wounded.
You block the two-headed ogre's attack.
The two-headed ogre hits you with a +0 giant spiked club.
The two-headed ogre is burned by your cloak of flames.
The two-headed ogre is moderately wounded.
You hit the two-headed ogre. You burn the two-headed ogre.
The two-headed ogre is heavily wounded.
You slash the two-headed ogre! You burn the two-headed ogre.
The two-headed ogre is severely wounded.
The two-headed ogre hits you with a +0 giant spiked club!
The two-headed ogre is burned by your cloak of flames.
The two-headed ogre is severely wounded.
The two-headed ogre hits you with a +0 giant spiked club.
The two-headed ogre is burned by your cloak of flames.
The two-headed ogre is severely wounded.
You closely miss the two-headed ogre.
The two-headed ogre is severely wounded.
The two-headed ogre barely misses you.
The two-headed ogre hits you with a +0 giant spiked club!
The two-headed ogre is burned by your cloak of flames.
The two-headed ogre is severely wounded.
You hit the two-headed ogre but do no damage.
The two-headed ogre is severely wounded.
You block the two-headed ogre's attack.
The two-headed ogre hits you with a +0 giant spiked club!
* * * LOW HITPOINT WARNING * * *
The two-headed ogre is burned by your cloak of flames.
The two-headed ogre is severely wounded.
You hit the two-headed ogre but do no damage.
You bite the two-headed ogre, but do no damage.
The two-headed ogre is severely wounded.
The two-headed ogre hits you with a +0 giant spiked club!!
You die...

#..)....# #.#
###K###.# #.# #O#
#.# ... #.# #.#
#.#####O#####
#.#.#......K....#
#...K.K.....###.#
...##.#######.#
.......)@OKK÷<#
.#.##.######### #


You could see a two-headed ogre and 2 kobolds.

Vanquished Creatures
  An ugly thing (D:8)
  Sigmund (D:3)
  A steam dragon (D:6)
  2 black bears
  An ice beast (D:4)
  A hornet zombie (D:7)
  4 ogres
  2 centaurs
  A kobold brigand (D:8)
  3 bullfrogs
  2 scorpions
  A water moccasin zombie (D:6)
  3 killer bees (D:7)
  A howler monkey (D:6)
  2 centaur zombies
  Crazy Yiuf (D:3)
  A jelly (D:7)
  A bullfrog zombie (D:6)
  2 orc priests (D:4)
  A hound (D:4)
  A centaur skeleton (D:7)
  An orc wizard (D:4)
  3 mummies (Ossuary)
  12 adders
  A white imp (D:5)
  4 worms
  A dart slug (D:4)
  4 orcs
  9 ball pythons
  8 endoplasms
  A giant cockroach (D:4)
  2 gnoll zombies (Ossuary)
  12 goblins
  6 hobgoblins
  6 jackals (D:1)
  3 quokkas
  9 bats
  3 frilled lizards
  2 goblin zombies (Ossuary)
  A hobgoblin zombie (Ossuary)
  12 kobolds
  3 kobold zombies (Ossuary)
  5 rats
141 creatures vanquished.

Notes
Turn   | Place    | Note
-------+----------+-------------------------------------------
     0 | D:1      | oldriver the Gnoll Cinder Acolyte began the quest for the
                  | Orb.
     0 | D:1      | Reached XP level 1. HP: 23/23 MP: 4/4
   115 | D:1      | Reached XP level 2. HP: 23/29 MP: 5/5
   217 | D:1      | Found a faded altar of an unknown god.
   278 | D:1      | Found Haipleu's Armour Boutique.
   304 | D:1      | Learned a level 2 spell: Scorch
   587 | D:1      | Reached XP level 3. HP: 35/35 MP: 4/7
  1014 | D:2      | Reached skill level 1 in Invocations
  1207 | D:2      | Reached skill level 1 in Short Blades
  1207 | D:2      | Reached skill level 1 in Axes
  1207 | D:2      | Reached skill level 1 in Maces & Flails
  1207 | D:2      | Reached skill level 1 in Polearms
  1207 | D:2      | Reached skill level 1 in Staves
  1207 | D:2      | Reached skill level 1 in Slings
  1207 | D:2      | Reached skill level 1 in Bows
  1207 | D:2      | Reached skill level 1 in Crossbows
  1207 | D:2      | Reached skill level 1 in Throwing
  1207 | D:2      | Reached skill level 1 in Armour
  1207 | D:2      | Reached skill level 1 in Dodging
  1207 | D:2      | Reached skill level 1 in Stealth
  1207 | D:2      | Reached skill level 1 in Shields
  1207 | D:2      | Reached skill level 1 in Unarmed Combat
  1207 | D:2      | Reached skill level 1 in Evocations
  1336 | D:2      | Reached XP level 4. HP: 41/41 MP: 3/8
  1963 | D:3      | Reached skill level 1 in Conjurations
  1963 | D:3      | Reached skill level 1 in Hexes
  1963 | D:3      | Reached skill level 1 in Summonings
  1963 | D:3      | Reached skill level 1 in Necromancy
  1963 | D:3      | Reached skill level 1 in Translocations
  1963 | D:3      | Reached skill level 1 in Transmutations
  1963 | D:3      | Reached skill level 1 in Ice Magic
  1963 | D:3      | Reached skill level 1 in Air Magic
  1963 | D:3      | Reached skill level 1 in Earth Magic
  1963 | D:3      | Reached skill level 1 in Poison Magic
  2015 | D:3      | Found a runed translucent door.
  2016 | D:3      | Noticed Crazy Yiuf
  2135 | D:3      | You fall into a shaft and drop 3 floors!
  2135 | D:6      | Noticed an ogre
  2137 | D:5      | Entered Level 5 of the Dungeon
  2137 | D:5      | Noticed a black bear
  2144 | D:5      | Killed a black bear
  2145 | D:5      | Reached XP level 5. HP: 37/47 MP: 4/9
  2205 | D:4      | Reached XP level 6. HP: 29/53 MP: 5/11
  2933 | D:4      | Noticed an ice beast
  3103 | D:3      | Reached XP level 7. HP: 59/59 MP: 2/12
  3240 | D:3      | Noticed Sigmund
  3250 | D:3      | Killed Sigmund
  4384 | D:5      | Found a staircase to the Ecumenical Temple.
  4416 | D:5      | Reached XP level 8. HP: 57/67 MP: 7/14
  5786 | D:6      | Found an opulent altar of Gozag.
  5790 | D:6      | Found an opulent altar of Gozag.
  5790 | D:6      | Found an opulent altar of Gozag.
  6034 | D:6      | Found an opulent altar of Gozag.
  6293 | D:7      | Found a sand-covered staircase.
  6301 | Ossuary  | Entered an ossuary
  7025 | D:7      | Reached XP level 9. HP: 72/72 MP: 9/16
  7565 | D:1      | Bought a +3 chain mail of poison resistance for 258 gold
                  | pieces
  7681 | D:3      | Killed Crazy Yiuf
  7827 | D:7      | Found Oschiy's Armour Emporium.
  7989 | D:7      | Reached skill level 5 in Spellcasting
  8582 | D:8      | Noticed a brown ugly thing
  8604 | D:8      | HP: 2/74 [acid (7)]
  8608 | D:8      | Killed a brown ugly thing
  8962 | D:8      | Noticed a two-headed ogre
  9004 | D:8      | Slain by a two-headed ogre

Illustrated notes

Levels and vault maps discovered:
D:1:      dpeg_arrival_rhombi, layout_rooms, basic_ecumenical_altar,
          serial_shops, shop_fountains, minmay_tromino_v4_c
D:2:      layout_rooms
D:3:      layout_loops_cross, minmay_ogre_servants, uniq_crazy_yiuf_cottage,
          uniq_sigmund
D:4:      layout_rooms
D:5:      layout_basic, minmay_temple_entry_statues_fountains
D:6:      layout_basic, nicolae_gozag_conspicuous_consumption
D:7:      layout_basic, serial_shops, shop_fountains, serial_rivers,
          chequers_serial_rivers_small_b, chequers_serial_rivers_micro_e,
          chequers_serial_rivers_room_a, chequers_serial_rivers_marsh,
          chequers_serial_rivers_marsh, chequers_serial_rivers_micro_d,
          chequers_ossuary_entry_cave
D:8:      layout_loops_ring, erik_lair_dragon, enter_bailey_3, uniq_joseph

Skill      XL: |  1  2  3  4  5  6  7  8  9 |
---------------+----------------------------+-----
Invocations    | 1 2 3 4 |  4.9
Short Blades   | 1 2 3 4 |  4.4
Axes           | 1 2 3 4 |  4.4
Maces & Flails | 1 2 3 4 |  4.4
Polearms       | 1 2 3 4 |  4.4
Staves         | 1 2 3 4 |  4.4
Slings         | 1 2 3 4 |  4.4
Bows           | 1 2 3 4 |  4.4
Crossbows      | 1 2 3 4 |  4.4
Throwing       | 1 2 3 4 |  4.4
Armour         | 1 2 3 4 |  4.4
Dodging        | 1 2 3 4 |  4.4
Stealth        | 1 2 3 4 |  4.4
Shields        | 1 2 3 4 |  4.4
Unarmed Combat | 1 2 3 4 |  4.4
Evocations     | 1 2 3 4 |  4.4
Spellcasting   | 3 4 5 |  5.3
Conjurations   | 1 2 3 |  3.6
Hexes          | 1 2 3 |  3.6
Summonings     | 1 2 3 |  3.6
Necromancy     | 1 2 3 |  3.6
Translocations | 1 2 3 |  3.6
Transmutations | 1 2 3 |  3.6
Ice Magic      | 1 2 3 |  3.6
Air Magic      | 1 2 3 |  3.6
Earth Magic    | 1 2 3 |  3.6
Poison Magic   | 1 2 3 |  3.6
Fighting       | 7 8 |  8.0
Long Blades    | 7 8 |  8.0
Fire Magic     | 6 |  6.6

Action                   |  1- 3 |  4- 6 |  7- 9 || total
-------------------------+-------+-------+-------++-------
Melee: Falchion          |    65 |    24 |   179 ||   268
       Punch             |     1 |       |       ||     1
       Bite              |     2 |     2 |    20 ||    24
Throw: Boomerang         |       |       |    12 ||    12
 Cast: Scorch            |    25 |    40 |    83 ||   148
Invok: Fiery Armour      |       |     1 |     2 ||     3
       Rising Flame      |       |     1 |       ||     1
Evoke: Wand              |       |       |     1 ||     1
  Use: Scroll            |       |       |    16 ||    16
       Potion            |       |       |     2 ||     2
 Stab: Sleeping          |       |       |     2 ||     2
Armor: Robe              |    19 |     2 |       ||    21
       Ring mail         |       |    14 |    56 ||    70
       Chain mail        |       |       |    42 ||    42
Dodge: Dodged            |    40 |    18 |   108 ||   166
Block: Kite shield       |       |    11 |    81 ||    92

Table legend: (Time is in decaauts)
 A = Elapsed time spent in this place.
 B = Non-inter-level travel time spent in this place.
 C = Inter-level travel time spent in this place.
 D = Time resting spent in this place.
 E = Time spent auto-exploring this place.
 F = Levels seen in this place.
 G = Mean time per level.
                   A        B        C        D        E       F      G
               +--------+--------+--------+--------+--------+-----+--------+
         Total |   9045 |   8341 |    704 |   1720 |   5136 |   9 | 1005.0 |
       Dungeon |   8571 |   7867 |    704 |   1708 |   4799 |   8 | 1071.4 |
       Ossuary |    474 |    474 |      0 |     12 |    337 |   1 |  474.0 |
               +--------+--------+--------+--------+--------+-----+--------+

Top non-repeatable levels by time:
     D:7: 1614 daAuts
     D:3: 1425 daAuts
     D:6: 1278 daAuts
     D:5: 1105 daAuts
     D:1: 1059 daAuts
     D:4: 1010 daAuts
     D:2: 891 daAuts
 Ossuary: 474 daAuts
     D:8: 186 daAuts
